 Dungeon Crawl Stone Soup version 0.27.0-1-g7a089689b8 (webtiles) character file.

Game seed: 7749468350061993758

14 Hypnoxylon the Conjurer (level 2, 0/20 HPs)
             Began as a Draconian Conjurer on Aug 5, 2021.
             Succumbed to an adder's poison
             ... on level 2 of the Dungeon.
             The game lasted 00:05:12 (1322 turns).

Hypnoxylon the Conjurer (Draconian Conjurer)        Turns: 1322, Time: 00:05:12

Health: 0/20       AC:  4    Str:  9    XL:     2   Next: 31%
Magic:  0/5        EV: 12    Int: 18    God:
Gold:   7          SH:  0    Dex:  9    Spells: 2/5 levels left

rFire    . . .     SeeInvis .   e - +0 short sword
rCold    . . .     Faith    .   (no shield)
rNeg     . . .     Spirit   .   (armour unavailable)
rPois    .         Reflect  .   (helmet restricted)
rElec    .         Harm     .   (no cloak)
rCorr    .         Rampage  .   (no gloves)
Will     .....                  (no boots)
Stlth    ++........             (no amulet)
HPRegen  0.06/turn              (no ring)
MPRegen  0.09/turn              (no ring)

@: lethally poisoned (0 -> -9)
A: AC +4, unfitting armour, cold-blooded
a: no special abilities


You were on level 2 of the Dungeon.
You visited 1 branch of the dungeon, and saw 2 of its levels.

You collected 7 gold pieces.


Innate Abilities, Weirdness & Mutations

Your plain brown scales are hard. (AC +4)
You cannot fit into any form of body armour.
You are cold-blooded and may be slowed by cold attacks.


   Skills:
 - Level 2.0 Dodging
 - Level 2.0 Stealth
 - Level 2.0 Spellcasting
 * Level 4.4 Conjurations


You had 2 spell levels left.
You knew the following spells:

 Your Spells              Type           Power      Damage    Failure   Level
r - Searing Ray           Conj           34%        3d4       4%          2
z - Magic Dart            Conj           68%        1d6       3%          1

Your spell library contained the following spells:

 Spells                   Type           Power      Damage    Failure   Level
 Dazzling Flash           Conj/Hex       18%        N/A       22%         3
 Stone Arrow              Conj/Erth      18%        3d8       22%         3
 Fulminant Prism          Conj/Hex       4%         3d6       58%         4
 Iskenderun's Mystic Bla  Conj/Tloc      9%         2d4       58%         4
 Lehudib's Crystal Spear  Conj/Erth      4%         10d3      100%        8
 Animate Armour           Summ/Erth      Unusable   N/A       N/A         4

Inventory:

Hand Weapons
 e - a +0 short sword (weapon)
Missiles
 d - 35 stones
 f - 5 poisoned darts
Scrolls
 a - 4 scrolls of identify {unknown}
 c - 3 scrolls of teleportation {unknown}
 h - a scroll of enchant armour {unknown}
Potions
 b - 3 potions of curing {unknown}
 g - a potion of haste {unknown}


Message History

Aiming: Magic Dart (safe; 3% risk of failure)
Press: ? - help, Q - select action, (/) - cycle Shift-Dir - straight line, f/p - adder
Aim: an adder (heavily wounded, 100% to hit)
The magic dart hits the adder.
The adder is almost dead.
The adder bites you. The adder barely misses you.
You closely miss the adder.
The adder is almost dead.
The adder closely misses you.
You closely miss the adder.
The adder is almost dead.
The adder bites you. The adder misses you.
You barely miss the adder.
The adder is almost dead.
The adder bites you.
You are poisoned.
The adder poisons you!
You closely miss the adder.
The adder is almost dead.
You feel sick. The adder bites you.
You are more poisoned.
The adder poisons you!
You miss the adder.
The adder is almost dead.
You feel sick. The adder bites you.
* * * LOW HITPOINT WARNING * * *
The adder bites you.
* * * LOW HITPOINT WARNING * * *
You are more poisoned.
The adder poisons you!
You closely miss the adder.
You tail-slap the adder, but do no damage.
The adder is almost dead.
* * * LOW HITPOINT WARNING * * *
You feel very sick. The adder barely misses you.
* * * LOW HITPOINT WARNING * * *
You feel very sick. The adder barely misses you.
You die...

...##)## ##.. #.#####.#
#..# #.<. # #....####..##
#b#. #.##......).# #. # #
##.##.####...# #.
#.##.#...#.# #...######.
#..........# #......<...
####.#..S######........>.
#......@.....<# ##
###############


You could see an adder.

Vanquished Creatures
  An endoplasm (D:1)
  3 goblins
  A hobgoblin (D:1)
  A ball python (D:1)
  A frilled lizard (D:1)
  3 kobolds
  5 rats (D:1)
15 creatures vanquished.

Notes
Turn   | Place    | Note
-------+----------+-------------------------------------------
     0 | D:1      | Hypnoxylon the Draconian Conjurer began the quest for the
                  | Orb.
     0 | D:1      | Reached XP level 1. HP: 14/14 MP: 3/3
   813 | D:1      | Reached XP level 2. HP: 20/20 MP: 1/5
  1005 | D:1      | Learned a level 2 spell: Searing Ray
  1321 | D:2      | HP: 2/20 [poisoned by an adder]
  1322 | D:2      | Succumbed to an adder's poison

Levels and vault maps discovered:
D:1:      elethiomel_arrival_quiet, layout_loops_corners, nrook_mini_vaults
D:2:      minmay_recursive_quarters, layout_loops_ring,
          ebering_ecumenical_altar_rust

Action                   || total
-------------------------++-------
Melee: Unarmed           ||     3
       Short sword       ||     8
       Tailslap          ||     1
 Cast: Magic Dart        ||    26
Armor: Skin              ||     1
Dodge: Dodged            ||     7
